 Dungeon Crawl Stone Soup version 0.22-a0-413-ge8614c9 (webtiles) character file.

92 w00t the Insei (level 4, 0/46 HPs)
             Began as an Octopode Transmuter on May 12, 2018.
             Slain by an orc wizard
             ... wielding a +1 dagger of speed
              (6 damage)
             ... on level 3 of the Dungeon.
             The game lasted 00:04:34 (2368 turns).

w00t the Insei (Octopode Transmuter)                Turns: 2368, Time: 00:04:34

Health: 0/46       AC:  1    Str: 12 (15) XL:     4   Next: 60%
Magic:  7/7        EV: 14    Int: 14 (15) God:
Gold:   110        SH:  0    Dex: 11 (12) Spells: 3/7 levels left

rFire    . . .     SeeInvis .   a - +0 dagger
rCold    . . .     Gourm    .   (no shield)
rNeg     + . .     Faith    .   (helmet restricted)
rPois    .         Spirit   .   r - amulet of regeneration {+regen, !d}
rElec    .         Reflect  .   e - ring of positive energy {rN+}
rCorr    .         Harm     .   (no ring)
MR       .....                  (no ring)
Stlth    ..........             (no ring)
HPRegen  0.55/turn              (no ring)
MPRegen  0.10/turn              (no ring)
                                (no ring)
                                (no ring)

@: berserking, very quick
A: almost no armour, stealthy swim, amphibious, 8 rings, constrict 8, antennae
1, beak, camouflage 1, gelatinous body 1
a: no special abilities


You were on level 3 of the Dungeon.
You were not hungry.

You visited 1 branch of the dungeon, and saw 3 of its levels.

You collected 110 gold pieces.

Inventory:

Hand Weapons
 a - a +0 dagger (weapon)
 b - a +0 mace
Missiles
 d - 30 arrows
 f - 121 stones
 j - 22 sling bullets
 p - 6 javelins
 t - 2 tomahawks (quivered)
Jewellery
 e - a ring of positive energy (left tentacle) {rN+}
 r - an amulet of regeneration (around mantle) {+regen, !d}
Scrolls
 g - 2 scrolls of teleportation {unknown}
 h - 5 scrolls of identify {unknown}
 q - 2 scrolls of noise {unknown}
 s - a scroll of magic mapping {unknown}
Potions
 i - a potion of degeneration {!q}
 k - a potion of haste {unknown}
Comestibles
 c - 6 rations
 l - 7 chunks of flesh


   Skills:
 - Level 3.0 Fighting
 - Level 3.0 Dodging
 - Level 3.0 Unarmed Combat
 - Level 2.0 Spellcasting
 * Level 2.5 Transmutations
 + Level 1.0 Poison Magic


You had 3 spell levels left.
You knew the following spells:

 Your Spells              Type           Power        Failure   Level  Hunger
b - Beastly Appendage     Tmut           #.....       9%          1    ##.....
s - Spider Form           Tmut/Pois      #.........   34%         3    ####...

Your spell library contained the following spells:

 Spells                   Type           Power        Failure   Level  Hunger
 Blade Hands              Tmut           #.........   93%         5    ######.
 Ice Form                 Ice/Tmut       #.......     80%         4    #####..
 Sticks to Snakes         Tmut           #.......     13%         2    ###....


Dungeon Overview and Level Annotations

Branches:
Dungeon (3/15)

Altars:
Zin


Innate Abilities, Weirdness & Mutations

You cannot wear most types of armour.
You are very stealthy in the water. (Stealth+)
You are amphibious.
You can wear up to eight rings at the same time.
You can use your tentacles to constrict eight enemies at once.
Your skin changes colour to match your surroundings (Stealth+).
Your rubbery body absorbs attacks. (AC +1, EV +1)
You have a pair of small antennae on your head.
You have a beak for a mouth.


Message History

The goblin hits you.
* * * LOW HITPOINT WARNING * * *
Something hits you.
* * * LOW HITPOINT WARNING * * *
You feel better. The goblin hits you.
* * * LOW HITPOINT WARNING * * *
Something hits you.
* * * LOW HITPOINT WARNING * * *
It was a potion of berserk rage.
A red film seems to cover your vision as you go berserk!
You feel yourself moving faster!
You feel mighty! Something hits you.
* * * LOW HITPOINT WARNING * * *
The goblin closely misses you.
You hit the goblin.
You kill the goblin!
Something hits you.
* * * LOW HITPOINT WARNING * * *
You closely miss something. Something hits you but does no damage.
You miss something. Your squeeze misses something. Something hits you.
You die...

....# ########....#
#...........#
#..........(#
#..>......###
#....>....ooK #.#
.#####.##########.
#..........@.......
#######.#.†{...#########.
......'................
######..)...##########
#.#<...########
#.#(...........
#.#.##.#######. ..#.##.#
###....#


There were no monsters in sight!

Vanquished Creatures
  2 adders
  An ooze (D:2)
  3 worms (D:2)
  2 dart slugs (D:1)
  3 leopard geckos
  3 orcs (D:3)
  8 goblins
  7 hobgoblins
  8 kobolds
  A quokka (D:3)
  4 bats
  5 frilled lizards (D:2)
  6 rats
53 creatures vanquished.

Notes
Turn   | Place    | Note
-------+----------+-------------------------------------------
     0 | D:1      | w00t the Octopode Transmuter began the quest for the Orb.
     0 | D:1      | Reached XP level 1. HP: 13/13 MP: 3/3
   231 | D:1      | Reached XP level 2. HP: 18/18 MP: 5/5
   787 | D:1      | Reached XP level 3. HP: 11/24 MP: 4/6
  1738 | D:2      | Noticed an angel
  1739 | D:2      | Found a glowing silver altar of Zin.
  1821 | D:2      | Reached XP level 4. HP: 30/30 MP: 7/7
  1950 | D:2      | Learned a level 3 spell: Spider Form
  2340 | D:3      | Reached skill level 1 in Poison Magic
  2357 | D:3      | Gained mutation: You have a pair of small antennae on your head. [potion of mutation]
  2357 | D:3      | Gained mutation: You have a beak for a mouth. [potion of mutation]
  2368 | D:3      | Slain by an orc wizard

Vault maps used:
D:1:      minmay_arrival_nine_rooms
D:2:      zin_angel, minmay_pentomino_w2
D:3:      uniq_ijyb, uniq_terence

Skill      XL: |  1  2  3  4 |
---------------+-------------+-----
Fighting       | 2 3 |  3.0
Dodging        | 3 |  3.0
Poison Magic   | 1 |  1.0
Unarmed Combat | |  3.0
Spellcasting   | |  2.0
Transmutations | |  2.5

Action                   |  1- 3 |  4- 6 || total
-------------------------+-------+-------++-------
Melee: Dagger            |    90 |    51 ||   141
       Constrict         |    31 |    13 ||    44
       Kick              |     9 |     6 ||    15
       Tentacles         |    12 |    10 ||    22
       Punch             |     2 |     1 ||     3
Throw: Stone             |       |    18 ||    18
       Tomahawk          |       |     7 ||     7
 Cast: Beastly Appendage |    10 |     2 ||    12
  Use: Potion            |       |     5 ||     5
 Stab: Sleeping          |     4 |     1 ||     5
  Eat: Chunk             |     3 |     2 ||     5
Armor: Skin              |     9 |    13 ||    22
Dodge: Dodged            |    75 |    41 ||   116

Table legend:
 A = Spawn XP
 B = Non-spawn XP
 C = Spawn XP percentage of total XP
 D = Spawn monster count
 E = Non-spawn monster count
 F = Spawn count percentage of total count
 G = Total turns spent on level
                    A         B        C        D         E        F      G
               +---------+---------+-------+---------+---------+-------+---------
         Total |       0 |     132 |   0.0 |       0 |      53 |   0.0 |  2368
               +---------+---------+-------+---------+---------+-------+---------
           D:1 |       0 |      47 |   0.0 |       0 |      26 |   0.0 |  1366
           D:2 |       0 |      56 |   0.0 |       0 |      20 |   0.0 |   913
           D:3 |       0 |      29 |   0.0 |       0 |       7 |   0.0 |    89
               +---------+---------+-------+---------+---------+-------+---------
